 Dungeon Crawl Stone Soup version 0.31.0-12-g77e489cdc1 (webtiles) character file.

Game seed: 8307911109045252133

55 hawla the Shield-Bearer (level 3, 0/34 HPs)
             Began as a Minotaur Fighter on Feb 19, 2024.
             Killed from afar by Sigmund (6 damage)
             ... with a magic dart
             ... on level 3 of the Dungeon.
             The game lasted 00:03:13 (1081 turns).

hawla the Shield-Bearer (Minotaur Fighter)          Turns: 1081, Time: 00:03:14

Health: 0/34       AC:  9    Str: 20    XL:     3   Next: 67%
Magic:  2/2        EV: 12    Int:  5    God:
Gold:   142        SH:  5    Dex: 11    Spells: 2/2 levels left

rFire   . . .        a - +0 long sword
rCold   . . .        c - +0 buckler
rNeg    . . .        h - +0 chain mail
rPois   .            (helmet restricted)
rElec   .            (no cloak)
rCorr   .            (no gloves)
SInv    .            (no boots)
Will    .....        (no amulet) Stlth
                     f - +5 ring of evasion
HPRegen 0.25/turn    (no ring)
MPRegen 0.08/turn

%: no passive effects
@: hasted, invisible, very quick
A: horns 2, retaliatory headbutt
a: no special abilities


You were on level 3 of the Dungeon.
You visited 1 branch of the dungeon, and saw 3 of its levels.

You collected 142 gold pieces.

Inventory:

Hand Weapons
 a - a +0 long sword (weapon)
Armour
 c - a +0 buckler (worn)
 h - a +0 chain mail (worn)
Jewellery
 f - a +5 ring of evasion (left hand)
 m - a ring of resist corrosion
Scrolls
 d - a scroll of vulnerability
 i - a scroll of revelation
 j - a scroll of brand weapon {unknown}
Potions
 l - a potion of lignification {unknown}


   Skills:
 + Level 4.5 Fighting
 - Level 2.4 Long Blades
 - Level 3.6 Armour
 - Level 5.0 Shields


You had 2 spell levels left.
You didn't know any spells.
Your spell library was empty.

Dungeon Overview and Level Annotations

Branches:
Dungeon (3/15)

Altars:

Annotations:
D:3 Sigmund


Innate Abilities, Weirdness & Mutations

You have a pair of horns on your head.
You reflexively headbutt those who attack you in melee.


Message History

Sigmund flickers and vanishes!
Deactivating autopickup; reactivate with Ctrl-A.
No target in view!
You miss something. Your headbutt misses something.
Something barely misses you.
You barely miss something. Something hits you!
You hit something. Something hits you but does no damage.
You closely miss something. Your headbutt misses something. Something hits you.
You hit something. Your headbutt misses something. Something hits you!
You hit something. You closely miss something. You headbutt something.
Something hits you but does no damage.
You miss something. Your headbutt misses something.
Something completely misses you.
You hit something.
You hear some strange, mumbled words.
Something tries to affect you, but you resist.
You miss something. Something hits you!
* * * LOW HITPOINT WARNING * * *
It was a potion of curing.
You feel better. Something hits you but does no damage.
It was a potion of invisibility.
You fade into invisibility!
Something barely misses you.
You closely miss something. You headbutt something. You slash something!
Something hits you.
You miss something. Something hits you!
* * * LOW HITPOINT WARNING * * *
You miss something.
You hear some strange, mumbled words.
A puff of flame appears from out of thin air!
You block the puff of flame.
You barely miss something. Something hits you!
* * * LOW HITPOINT WARNING * * *
You feel better. Something barely misses you.
It was a potion of haste.
You feel yourself speed up.
You hear some strange, mumbled words.
A magic dart appears from out of thin air!
The magic dart hits you.
You die...

........# #............
.........# #.....[......
.........# #............
.........# #....†.......
.........###............
.........##.............
.......†.##.............
.......)................
.......@....############
##$...{.....#
....$.......#
............#
............#
....######### >... ...


There were no monsters in sight!

Vanquished Creatures
  2 dart slugs (D:1)
  2 ribbon worms (D:2)
  7 ball pythons
  6 endoplasms
  2 giant cockroaches
  5 goblins
  3 hobgoblins (D:1)
  3 jackals (D:1)
  2 kobolds
  3 bats
  5 frilled lizards
  2 rats
42 creatures vanquished.

Notes
Turn   | Place    | Note
-------+----------+-------------------------------------------
     0 | D:1      | hawla the Minotaur Fighter began the quest for the Orb.
     0 | D:1      | Reached XP level 1. HP: 19/19 MP: 0/0
    71 | D:1      | Reached skill level 4 in Shields
    79 | D:1      | Reached XP level 2. HP: 3/26 MP: 1/1
   306 | D:1      | Reached skill level 5 in Shields
   378 | D:1      | Reached XP level 3. HP: 33/33 MP: 2/2
   552 | D:2      | Found a faded altar of an unknown god.
  1054 | D:3      | Noticed Sigmund
  1079 | D:3      | HP: 1/34 [something (10)]
  1081 | D:3      | Killed from afar by Sigmund

Illustrated notes

Levels and vault maps discovered:
D:1:      ncdulo_smallfort, layout_rooms, minmay_split_cup_small
D:2:      layout_basic, nicolae_ecumenical_lake_church
D:3:      layout_basic, kennysheep_generic_room_13, uniq_sigmund, uniq_grinder

Skill      XL: |  1  2  3 |
---------------+----------+-----
Shields        | 4 5 |  5.0
Fighting       | 4 |  4.5
Long Blades    | |  2.4
Armour         | |  3.6

Action                     || total
---------------------------++-------
  Melee: Long sword        ||    85
         Headbutt          ||    11
    Use: Potion            ||     5
         Scroll            ||     2
 Armour: Scale mail        ||    50
         Chain mail        ||    24
  Dodge: Dodged            ||    59
  Block: Buckler           ||    17
